Map: Dusty Gorge

Players

Sephiroth - Winner!

  • Race: Zerg Zerg
  • Spawn Location: 5:00

Adversity - Winner!

  • Race: Terran Terran
  • Spawn Location: 3:00

ChongKing

  • Race: Terran Terran
  • League: Diamond
  • Spawn Location: 9:00

Mitsuha

  • Race: Protoss Protoss
  • Spawn Location: 11:00

VOD

Have the link to the VOD?

Description

Time

  • Played on: Oct. 9, 2018, 2:32 p.m.
  • Length: 3:44
Show
View Real Time Build Order
Export as new Build Order

Sephiroth Zerg - Winner!

Build Orders: Pool Only 

Get SALT Encoding   

  12  0:15  Drone x2  
  14  0:23  Extractor x2  
  14  0:26  Drone x2  
  14  0:37  Overlord  
  14  0:58  Drone, Spawning Pool  
  14  1:02  Drone  
  15  1:11  Drone  
  16  1:21  Drone  
  17  1:32  Drone  
  18  1:43  Overlord  
  18  1:47  Roach Warren  
  17  1:54  Queen  
  19  2:26  Roach  
  19  2:27  Roach x2  
  25  2:47  Ravager x3  
  25  2:50  Roach  
  30  2:52  Overlord  
  30  3:07  Overlord  
  30  3:23  Roach  
  30  3:24  Roach x2  
Show
View Real Time Build Order
Export as new Build Order

Adversity Terran - Winner!

Build Orders:  

Get SALT Encoding   

  12  0:01  SCV  
  13  0:13  SCV  
  14  0:18  Supply Depot  
  14  0:25  SCV  
  15  0:31  Refinery  
  15  0:40  SCV  
  16  0:46  Barracks  
  16  0:52  SCV  
  17  1:06  Barracks  
  17  1:20  Barracks  
  17  1:34  Reaper  
  17  1:37  Orbital Command  
  18  1:48  Refinery  
  18  1:54  Reaper  
  19  2:01  Supply Depot  
  19  2:07  Reaper  
  20  2:11  Reaper  
  20  2:15  SCV  
  22  2:26  Reaper  
  22  2:27  SCV  
  24  2:34  Supply Depot  
  24  2:39  Reaper, SCV  
  24  2:43  Reaper  
  27  2:58  Reaper  
  28  3:05  SCV  
  30  3:35  Command Center  
Show
View Real Time Build Order
Export as new Build Order

ChongKing Terran 

Build Orders:  

Get SALT Encoding   

  12  0:00  SCV  
  13  0:13  SCV  
  14  0:18  Supply Depot  
  14  0:25  SCV  
  15  0:39  SCV  
  15  0:41  Barracks  
  16  0:45  Refinery  
  16  0:52  SCV  
  17  1:04  SCV  
  18  1:16  SCV  
  19  1:28  Orbital Command  
  19  1:39  Marine  
  19  1:45  Command Center  
  20  1:50  Barracks  
  20  1:55  SCV  
  20  1:58  Barracks Reactor  
  21  2:05  Supply Depot  
  21  2:08  SCV  
  22  2:12  Refinery  
  22  2:20  SCV  
  23  2:27  Factory  
  23  2:37  Marine x2  
  21  2:39  Barracks Tech Lab  
  22  2:50  SCV  
  19  3:00  Marine x3  
  20  3:06  SCV  
  20  3:18  Marine x3, SCV  
Show
View Real Time Build Order
Export as new Build Order

Mitsuha Protoss 

Build Orders:  

Get SALT Encoding   

  12  0:01  Probe  
  13  0:13  Probe  
  14  0:19  Pylon  
  14  0:25  Probe  
  15  0:34  Probe  
  15  0:41  Gateway  
  15  0:42  Probe  
  17  0:51  Probe  
  18  0:57  Assimilator  
  18  1:02  Probe  
  19  1:09  Assimilator  
  19  1:10  Probe  
  19  1:17  Gateway  
  20  1:27  Probe  
  21  1:33  Cybernetics Core  
  21  1:39  Probe  
  22  1:51  Probe  
  23  2:04  Pylon  
  23  2:12  Stalker  
  24  2:30  Stargate  
  24  2:37  Probe  
  25  2:45  Nexus  
  25  2:53  Stalker x2  
  29  3:27  Pylon  
  29  3:28  Pylon  
Tags
 
Add a new tag
Caveats
  • Supply blocks, unpowered buildings, or Contaminate may cause inaccurate times.
  • Supply counts are checked every 10 seconds.